 Dungeon Crawl Stone Soup version 0.19-a0-1468-ge013c26 (webtiles) character file.

55 LORDOFBUTT the Cudgeler (level 3, -1/30 HPs)
             Began as a Vine Stalker Berserker on Sept 7, 2016.
             Was a Believer of Trog.
             Succumbed to a gnoll's poison
             ... on level 2 of the Dungeon.
             The game lasted 00:01:50 (1896 turns).

LORDOFBUTT the Cudgeler (Vine Stalker Berserker)    Turns: 1896, Time: 00:01:51

Health: -1/30      AC:  2    Str: 24    XL:     3   Next: 93%
Magic:  0/4        EV: 12    Int:  7    God:    Trog [**....]
Gold:   147        SH:  0    Dex: 14    Spells: 0 memorised, 2 levels left

rFire  . . .     SeeInvis .     a - +0 mace
rCold  . . .     Gourm    .     b - +0 animal skin
rNeg   . . .     Faith    .     (no shield)
rPois  .         Spirit   +     (no helmet)
rElec  .         Dismiss  .     (no cloak)
rCorr  +         Reflect  .     (no gloves)
MR     .....     Harm     .     (no boots)
Stlth  ..........               (no amulet)
                                (no ring)
                                e - ring of resist corrosion

@: berserking, lethally poisoned (-1 -> -32), very quick
A: fangs 2, magic shield, antimagic bite, no device heal 3, rot immunity
a: Berserk, Trog's Hand, Burn Spellbooks, Renounce Religion


You were on level 2 of the Dungeon.
You worshipped Trog.
Trog was pleased with you.
You were not hungry.

You visited 1 branch of the dungeon, and saw 2 of its levels.

You collected 147 gold pieces.

Inventory:

Hand Weapons
 a - a +0 mace (weapon)
Armour
 b - a +0 animal skin (worn)
Jewellery
 e - a ring of resist corrosion (left hand)
Scrolls
 d - 2 scrolls of remove curse {unknown}
 g - 4 scrolls of identify {unknown}
 h - a scroll of random uselessness {unknown}
 i - 2 scrolls of enchant armour {unknown}
 l - a scroll of noise {unknown}
Potions
 f - a potion of magic {unknown}
 j - a potion of cure mutation {unknown}
 k - 2 potions of lignification {unknown}


   Skills:
 + Level 3.1 Fighting
 + Level 3.3 Maces & Flails
 + Level 1.9 Armour
 + Level 2.0 Dodging
 + Level 0.3 Stealth


You had 2 spell levels left.
You didn't know any spells.

Dungeon Overview and Level Annotations

Branches:
Dungeon (2/15)

Altars:
Cheibriados
Elyvilon
Hepliaklqana


Innate Abilities, Weirdness & Mutations

You have extremely sharp teeth.
When hurt, damage is shared between your health and your magic reserves.
Your bite disrupts and absorbs the magic of your enemies.
Potions and wands cannot restore your health.
You are immune to rotting.


Message History

You feel yourself moving faster!
You feel mighty!
You feel somewhat more hungry.
You feel sick.
The gnoll hits you with a spear of venom.
* * * LOW HITPOINT WARNING * * *
You are more poisoned.
A gnoll comes into view. It is wielding a spear.
You are too injured to fight recklessly!
You are too injured to fight recklessly!
You are too injured to fight recklessly!
You hit the gnoll. Your bite misses the gnoll.
The gnoll is severely wounded.
* * * LOW HITPOINT WARNING * * *
You feel sick.
The gnoll hits you with a spear of venom.
* * * LOW HITPOINT WARNING * * *
You are more poisoned.
You are too berserk!
You sock the gnoll! Your bite misses the gnoll.
The gnoll is severely wounded.
You die...

####..# #.....# #.###.##
##.######.## #####
#.†........ ..#..
#†#.##########.#(#
#.###.##.###... .>.#.#
###..<##...##.## #.#(#
.g..K.g@.......# #....
######g#...##..#####...#
#.##.###.......(†.#
#.##.###.######..##
#..).......# #(.#
####......>......#
#####.#.####..# #.#...
...# #.######.##


You could see 3 gnolls and a kobold.

Vanquished Creatures
  An ooze (D:1)
  A worm (D:2)
  3 dart slugs
  A giant gecko (D:1)
  3 giant cockroaches (D:1)
  3 goblins
  4 hobgoblins
  A ball python (D:1)
  8 bats
  3 giant newts
  7 kobolds
  8 rats
43 creatures vanquished.

Notes
Turn   | Place    | Note
-------+----------+-------------------------------------------
     0 | D:1      | LORDOFBUTT the Vine Stalker Berserker began the quest for the Orb.
     0 | D:1      | Reached XP level 1. HP: 11/11 MP: 2/2
    85 | D:1      | Reached XP level 2. HP: 11/16 MP: 3/3
   414 | D:1      | Reached XP level 3. HP: 4/20 MP: 2/4
   891 | D:1      | Reached ** piety under Trog
  1265 | D:2      | Found a white marble altar of Elyvilon.
  1268 | D:2      | Found a hazy altar of Hepliaklqana.
  1270 | D:2      | Found a snail-covered altar of Cheibriados.
  1337 | D:2      | HP: 1/30 [giant newt (1)]
  1895 | D:2      | HP: 1/30 [gnoll/spear of venom (2)]
  1896 | D:2      | Succumbed to a gnoll's poison

Vault maps used:
D:1:      minmay_arrival_up_and_down
D:2:      minitemple

Skill      XL: |  1  2  3 |
---------------+----------+-----
Fighting       | 3 |  3.1
Maces & Flails | 3 |  3.3
Dodging        | 2 |  2.0
Armour         | |  1.9
Stealth        | |  0.3

Action                   || total
-------------------------++-------
Melee: Mace              ||    94
       Bite              ||    22
Invok: Berserk           ||     3
 Stab: Sleeping          ||     1
  Eat: Fruit             ||     3
       Bread ration      ||     1
       Beef jerky        ||     1
Armor: Animal skin       ||    20
Dodge: Dodged            ||    67
